 Dungeon Crawl Stone Soup version 0.28.0-47-ge53b351184 (webtiles) character file.

Game seed: 17282771676212282843

20260 0gre the Frost Mage (level 12, -17/91 HPs)
             Began as a Gnoll Ice Elementalist on May 7, 2022.
             Was an Initiate of Gozag.
             Demolished by Rupert
             ... wielding a +0 battleaxe of electrocution
              (19 damage)
             ... on level 4 of the Lair of Beasts on May 9, 2022.
             The game lasted 01:30:31 (14551 turns).

0gre the Frost Mage (Gnoll Ice Elementalist)       Turns: 14551, Time: 01:30:32

Health: -17/91     AC: 18    Str: 12    XL:     12   Next: 77%
Magic:  24/25      EV: 15    Int: 20    God:    Gozag
Gold:   544        SH:  0    Dex: 12    Spells: 22/29 levels left

rFire   . . .      SeeInvis .   a - +7 falchion "Liravim" {spect, Fly Stlth+}
rCold   . . .      Faith    .   (no shield)
rNeg    + . .      Spirit   .   h - +2 robe "Tynun" {+Blink rN+ Str+4}
rPois   .          Reflect  +   k - +1 helmet
rElec   .          Harm     .   I - scarf {repulsion}
rCorr   .          Rampage  +   z - +1 pair of gloves
Will    .....                   g - +0 pair of boots {rampage}
Stlth   +++.......              v - amulet of reflection
HPRegen 0.25/turn               R - +4 ring of protection
MPRegen 0.19/turn               s - +4 ring of protection

@: confused, flying, repel missiles
A: fangs 1, strong nose, distributed training
a: Renounce Religion, Evoke Blink, Potion Petition, Call Merchant, Bribe Branch


You were on level 4 of the Lair of Beasts.
You worshipped Gozag.
Gozag was pleased with you.
You visited 3 branches of the dungeon, and saw 15 of its levels.

You collected 2001 gold pieces.
You spent 807 gold pieces at shops.
You paid 650 gold pieces to Gozag.

Inventory:

Hand Weapons
 a - the +7 falchion "Liravim" (weapon) {spect, Fly Stlth+}
   (You found it on level 6 of the Dungeon)

   When its wielder attacks, the weapon's spirit leaps out and strikes again.
   The spirit shares a part of any damage it takes with its wielder.
   Fly:       It grants you flight.
   Stlth:     It makes you more stealthy.
 b - a +1 arbalest
 c - a +2 trident of venom
 d - a +3 great sword of protection
 W - a +0 dire flail
Missiles
 i - 3 javelins
 l - 48 bolts
 q - 173 arrows
 u - 8 poisoned darts
 C - 200 stones
 F - a silver boomerang
 K - 2 throwing nets
 O - 7 boomerangs (quivered)
Armour
 g - a +0 pair of boots of rampaging (worn)
 h - the +2 robe "Tynun" (worn) {+Blink rN+ Str+4}
   (You found it on level 3 of the Dungeon)

   Str:       It affects your strength (+4).
   rN:        It protects you from negative energy.
   +Blink:    It lets you blink.
 k - a +1 helmet (worn)
 z - a +1 pair of gloves (worn)
 I - a scarf of repulsion (worn)
Magical Staves
 e - a staff of air
 f - a staff of death
Jewellery
 j - a ring of willpower
 n - a ring of see invisible
 s - a +4 ring of protection (right hand)
 v - an amulet of reflection (around neck)
 R - a +4 ring of protection (left hand)
 S - an amulet of regeneration
 X - a ring of positive energy
Wands
 t - a wand of iceblast (25)
 w - a wand of flame (11)
 y - a wand of paralysis (7)
 D - a wand of acid (8)
 H - a wand of mindburst (13)
 J - a wand of charming (12)
Scrolls
 A - 8 scrolls of teleportation
 E - a scroll of silence
 P - a scroll of magic mapping
 U - a scroll of amnesia
 V - a scroll of blinking
Potions
 m - 5 potions of invisibility
 o - 3 potions of magic
 p - 2 potions of brilliance
 r - a potion of lignification {unknown}
 x - 3 potions of heal wounds {unknown}
 B - 3 potions of curing
 G - 3 potions of cancellation
 L - a potion of might {unknown}
 M - a potion of ambrosia {unknown}
 N - 2 potions of mutation {unknown}
 Q - a potion of experience {unknown}
 T - a potion of haste {unknown}


   Skills:
 + Level 7.6 Fighting
 + Level 7.6 Short Blades
 + Level 7.6 Long Blades
 + Level 7.6 Axes
 + Level 7.6 Maces & Flails
 + Level 7.6 Polearms
 + Level 7.6 Staves
 + Level 7.6 Slings
 + Level 7.6 Bows
 + Level 7.6 Crossbows
 + Level 7.6 Throwing
 + Level 7.6 Armour
 + Level 9.0 Dodging
 + Level 8.8 Stealth
 + Level 7.6 Shields
 + Level 7.6 Unarmed Combat
 + Level 9.2 Spellcasting
 + Level 6.3 Conjurations
 + Level 6.3 Hexes
 + Level 6.3 Summonings
 + Level 6.3 Necromancy
 + Level 6.3 Translocations
 + Level 6.3 Transmutations
 + Level 6.3 Fire Magic
 + Level 9.6 Ice Magic
 + Level 6.3 Air Magic
 + Level 6.3 Earth Magic
 + Level 6.3 Poison Magic
 + Level 8.3 Invocations
 + Level 7.6 Evocations


You had 22 spell levels left.
You knew the following spells:

 Your Spells              Type           Power      Damage    Failure   Level
b - Frozen Ramparts       Ice            94%        1d11      1%          3
c - Mephitic Cloud        Conj/Pois/Air  34%        N/A       1%          3
q - Magic Dart            Conj           100%       1d8       1%          1

Your spell library contained the following spells:

 Spells                   Type           Power      Damage    Failure   Level
 Freeze                   Ice            100%       1d11      1%          1
 Call Imp                 Summ           34%        N/A       1%          2
 Corpse Rot               Necr/Air       68%        N/A       1%          2
 Call Canine Familiar     Summ           34%        N/A       1%          3
 Ozocubu's Armour         Ice            47%        N/A       1%          3
 Portal Projectile        Hex/Tloc       68%        N/A       1%          3
 Summon Guardian Golem    Hex/Summ       34%        N/A       1%          3
 Hailstorm                Conj/Ice       41%        3d10      2%          4
 Dispel Undead            Necr           34%        3d15      5%          4
 Leda's Liquefaction      Hex/Erth       17%        N/A       5%          4
 Blade Hands              Tmut           17%        N/A       16%         5
 Irradiate                Conj/Tmut      17%        3d19      16%         5
 Death Channel            Necr           17%        N/A       65%         6
 Dragon Form              Tmut           17%        N/A       99%         7
 Orb of Destruction       Conj           17%        9d7       99%         7
 Spellforged Servitor     Conj/Summ      17%        N/A       99%         7


Dungeon Overview and Level Annotations

Branches:
Dungeon (10/15)            Temple (1/1) D:5            Lair (4/6) D:9
  Swamp (0/4) Lair:4        Snake (0/4) Lair:3
    Orc: D:9-12

Altars:
Ashenzari
Cheibriados
Dithmenos
Elyvilon
Fedhas
Gozag
Hepliaklqana
Kikubaaqudgha
Makhleb
Nemelex Xobeh
Okawaru
Qazlal
Ru
Sif Muna
Trog
Uskayaw
Vehumet
Wu Jian
Xom
Yredelemnul
Zin
The Shining One

Shops:
D:3 [   D:8 [   D:9 *

Annotations:
Lair:4 Rupert


Innate Abilities, Weirdness & Mutations

You have very sharp teeth.
Your uncanny sense of smell can sniff out nearby items.
Your experience applies equally to all skills.


Message History

The blink frog hits your +7 falchion "Liravim" {spect, Fly Stlth+}!
Your spectral weapon shares its damage with you!
The wall freezes Rupert.
Rupert hits you but does no damage.
You are electrocuted!
Rupert closely misses your +7 falchion "Liravim" {spect, Fly Stlth+}.
You hit Rupert.
Rupert is severely wounded.
Your +7 falchion "Liravim" {spect, Fly Stlth+} hits Rupert.
The wall freezes the blink frog.
The blink frog seems to slow down.
The blink frog misses your +7 falchion "Liravim" {spect, Fly Stlth+}.
The wall freezes Rupert!
Rupert roars wildly at you.
You are confused.
Your frozen ramparts will break if you move.
Continue?
Okay, then.
You are too confused!
Your frozen ramparts will break if you move.
Continue?
You bump into the rock wall.
The wall freezes the blink frog!
The wall freezes Rupert.
Rupert hits you with a +0 battleaxe of electrocution!!
Unknown command.
Your frozen ramparts will break if you move.
Continue?
You closely miss the blink frog.
The blink frog is heavily wounded.
Your +7 falchion "Liravim" {spect, Fly Stlth+} hits the blink frog!
The frozen ramparts melt away.
Rupert roars madly and goes into a rage!
Rupert goes berserk!
The blink frog blinks! 2 blink frogs come into view.
The blink frog croaks.
Rupert hits you with a +0 battleaxe of electrocution!!
* * * LOW HITPOINT WARNING * * *
You are electrocuted!!
* * * LOW HITPOINT WARNING * * *
A blink frog comes into view.
Rupert hits you with a +0 battleaxe of electrocution.
* * * LOW HITPOINT WARNING * * *
You are electrocuted!!
You die...
Your body crumbles into a pile of gold.

****##...........#**,,,,,,,,*,***
#P..........## ****,*******
####.#....### *,,* #####..P###
*,*** #......#.# *,,,* **
***##......## **,,,** ,*****,*
#.....+.## **,,,,,**
,,,,**,**#......§.# *,,,,,,,*
,,,,,,,,,+.....F@@# *,,,,,,,*
**,*,*,**#.......F#**,,,,,,,*
******** #.....##...,,,,>,,,** *
#.....##.F...,,,,,,,*
#......#(......,,,,**
#.....,(.....#.,,,≈***** *****
#...#*,.#....≈≈≈≈≈≈≈≈≈≈* ,**,*
#...****,.F..≈≈≈≈≈≈≈≈≈≈≈ ,,,,**
**,,+*,,**,,,,,≈≈≈≈≈≈≈≈≈≈


You could see Rupert (berserk) and 4 blink frogs.

Vanquished Creatures
  4 hydras
  3 two-headed ogres
  Pikel (D:6)
  7 black mambas
  8 cane toads
  Maurice (D:8)
  Maggie (D:6)
  A rime drake (Lair:1)
  A troll (D:9)
  2 polar bears
  A blink frog (Lair:2)
  2 shadows
  A wraith (D:9)
  A wyvern (Lair:2)
  4 basilisks
  A vampire (D:6)
  2 vampire mosquitoes (D:10)
  2 steam dragons
  6 yaks
  2 acid dragons
  18 water moccasins
  3 orc warriors
  4 black bears
  5 wolves
  2 ogres
  2 centaurs
  A lemure (D:6)
  A gnoll sergeant (D:9)
  12 bullfrogs
  4 scorpions
  A water moccasin zombie (D:5)
  6 killer bees (D:8)
  12 howler monkeys
  3 jellies
  8 orc priests
  3 centaur zombies
  4 hounds
  3 bullfrog skeletons
  Jessica (D:2)
  A centaur skeleton (D:6)
  5 iguanas
  8 orc wizards
  2 howler monkey zombies
  5 adders
  10 gnolls
  2 shadow imps
  A white imp (D:5)
  A worm (D:2)
  A dart slug (D:3)
  32 orcs
  8 bats
  7 endoplasms
  4 giant cockroaches
  8 goblins
  5 hobgoblins
  3 kobolds
  A quokka (D:5)
  6 ball pythons
  4 frilled lizards
  9 rats
267 creatures vanquished.

Vanquished Creatures (others)
  33 fungi
  40 plants
73 creatures vanquished.

Grand Total: 340 creatures vanquished

Notes
Turn   | Place    | Note
-------+----------+-------------------------------------------
     0 | D:1      | 0gre the Gnoll Ice Elementalist began the quest for the
                  | Orb.
     0 | D:1      | Reached XP level 1. HP: 13/13 MP: 6/6
    58 | D:1      | Found a faded altar of an unknown god.
   303 | D:1      | Reached XP level 2. HP: 19/19 MP: 7/7
   976 | D:2      | Noticed Jessica
   984 | D:2      | Reached XP level 3. HP: 13/25 MP: 7/9
   985 | D:2      | Killed Jessica
   986 | D:2      | Reached skill level 1 in Fighting
   986 | D:2      | Reached skill level 1 in Short Blades
   986 | D:2      | Reached skill level 1 in Long Blades
   986 | D:2      | Reached skill level 1 in Axes
   986 | D:2      | Reached skill level 1 in Maces & Flails
   986 | D:2      | Reached skill level 1 in Polearms
   986 | D:2      | Reached skill level 1 in Staves
   986 | D:2      | Reached skill level 1 in Slings
   986 | D:2      | Reached skill level 1 in Bows
   986 | D:2      | Reached skill level 1 in Crossbows
   986 | D:2      | Reached skill level 1 in Throwing
   986 | D:2      | Reached skill level 1 in Armour
   986 | D:2      | Reached skill level 1 in Shields
   986 | D:2      | Reached skill level 1 in Unarmed Combat
   986 | D:2      | Reached skill level 5 in Spellcasting
   986 | D:2      | Reached skill level 1 in Invocations
   986 | D:2      | Reached skill level 1 in Evocations
  1362 | D:2      | Learned a level 3 spell: Frozen Ramparts
  1406 | D:2      | Reached XP level 4. HP: 32/32 MP: 11/11
  1421 | D:2      | Reached skill level 1 in Conjurations
  1421 | D:2      | Reached skill level 1 in Hexes
  1421 | D:2      | Reached skill level 1 in Summonings
  1421 | D:2      | Reached skill level 1 in Necromancy
  1421 | D:2      | Reached skill level 1 in Translocations
  1421 | D:2      | Reached skill level 1 in Transmutations
  1421 | D:2      | Reached skill level 1 in Fire Magic
  1421 | D:2      | Reached skill level 1 in Air Magic
  1421 | D:2      | Reached skill level 1 in Earth Magic
  1421 | D:2      | Reached skill level 1 in Poison Magic
  2304 | D:3      | Reached XP level 5. HP: 21/37 MP: 8/12
  2657 | D:3      | Identified the +2 robe "Tynun" {+Blink rN+ Str+4}
  2733 | D:3      | Found Atahima's Antique Armour Emporium.
  2981 | D:3      | Found a snail-covered altar of Cheibriados.
  3356 | D:4      | You fall into a shaft and drop 1 floor!
  3356 | D:5      | Entered Level 5 of the Dungeon
  3364 | D:5      | Reached XP level 6. HP: 38/44 MP: 9/13
  3432 | D:4      | Found an ancient bone altar of Kikubaaqudgha.
  3437 | D:4      | Found a burning altar of Makhleb.
  3695 | D:4      | Reached skill level 5 in Dodging
  3709 | D:4      | Learned a level 1 spell: Magic Dart
  3761 | D:4      | Found a blossoming altar of Fedhas.
  3974 | D:4      | Learned a level 3 spell: Mephitic Cloud
  4377 | D:5      | Reached XP level 7. HP: 50/50 MP: 11/15
  4471 | D:5      | Found a staircase to the Ecumenical Temple.
  4501 | Temple   | Entered the Ecumenical Temple
  4705 | Temple   | Became a worshipper of Gozag Ym Sagoz the Greedy
  4865 | D:5      | Reached skill level 5 in Stealth
  4997 | D:3      | Bought a pair of runed boots for 210 gold pieces
  5363 | D:6      | Noticed Pikel
  5370 | D:5      | Reached XP level 8. HP: 57/57 MP: 12/16
  5411 | D:6      | Killed Pikel
  5787 | D:6      | Noticed a vampire
  5987 | D:6      | Identified the +7 falchion "Liravim" {spect, Fly Stlth+}
  6012 | D:6      | Noticed Maggie
  6029 | D:6      | Killed Maggie
  6030 | D:6      | Reached XP level 9. HP: 65/65 MP: 10/18
  6051 | D:6      | Found a stormy altar of Qazlal.
  6130 | D:6      | Found a sparkling altar of Nemelex Xobeh.
  6572 | D:7      | Found a broken altar of Ashenzari.
  6956 | D:7      | Found a shadowy altar of Dithmenos.
  7443 | D:7      | Found a shimmering blue altar of Sif Muna.
  7790 | D:8      | Found Jiesch's Armour Shop.
  7808 | D:8      | Reached skill level 5 in Invocations
  7828 | D:8      | Bought a scarf of repulsion for 168 gold pieces
  7838 | D:8      | Noticed Maurice
  7870 | D:8      | Killed Maurice
  7871 | D:8      | Reached XP level 10. HP: 63/73 MP: 13/20
  8208 | D:8      | Found a glowing golden altar of the Shining One.
  8245 | D:8      | Found a radiant altar of Vehumet.
  8442 | D:9      | Reached skill level 5 in Fighting
  8442 | D:9      | Reached skill level 5 in Short Blades
  8442 | D:9      | Reached skill level 5 in Long Blades
  8442 | D:9      | Reached skill level 5 in Axes
  8442 | D:9      | Reached skill level 5 in Maces & Flails
  8442 | D:9      | Reached skill level 5 in Polearms
  8442 | D:9      | Reached skill level 5 in Staves
  8442 | D:9      | Reached skill level 5 in Slings
  8442 | D:9      | Reached skill level 5 in Bows
  8442 | D:9      | Reached skill level 5 in Crossbows
  8442 | D:9      | Reached skill level 5 in Throwing
  8442 | D:9      | Reached skill level 5 in Armour
  8442 | D:9      | Reached skill level 5 in Shields
  8442 | D:9      | Reached skill level 5 in Unarmed Combat
  8442 | D:9      | Reached skill level 5 in Evocations
  8953 | D:9      | Noticed a two-headed ogre
  8961 | D:9      | Killed a two-headed ogre
  9030 | D:9      | Found a staircase to the Lair.
  9561 | D:10     | Entered Level 10 of the Dungeon
  9635 | D:10     | Reached XP level 11. HP: 81/81 MP: 22/22
  9814 | D:10     | Noticed a two-headed ogre
  9823 | D:10     | Killed a two-headed ogre
  9824 | D:10     | Reached skill level 5 in Conjurations
  9824 | D:10     | Reached skill level 5 in Hexes
  9824 | D:10     | Reached skill level 5 in Summonings
  9824 | D:10     | Reached skill level 5 in Necromancy
  9824 | D:10     | Reached skill level 5 in Translocations
  9824 | D:10     | Reached skill level 5 in Transmutations
  9824 | D:10     | Reached skill level 5 in Fire Magic
  9824 | D:10     | Reached skill level 5 in Air Magic
  9824 | D:10     | Reached skill level 5 in Earth Magic
  9824 | D:10     | Reached skill level 5 in Poison Magic
 10158 | D:10     | Noticed a two-headed ogre
 10164 | D:10     | Killed a two-headed ogre
 10454 | Lair:1   | Entered Level 1 of the Lair of Beasts
 10546 | D:9      | Bought a potion of curing for 99 gold pieces
 10546 | D:9      | Bought a runed leather armour for 165 gold pieces
 10546 | D:9      | Bought a scroll labelled ANUREU URGHYPTO for 33 gold pieces
 11105 | Lair:1   | Noticed an eight-headed hydra
 11137 | Lair:1   | Killed an eight-headed hydra
 11973 | D:9      | Bought a fluorescent wand for 132 gold pieces
 12075 | Lair:2   | Noticed a four-headed hydra
 12086 | Lair:2   | Killed a four-headed hydra
 12217 | Lair:2   | Reached XP level 12. HP: 89/89 MP: 24/24
 12495 | Lair:2   | Noticed a six-headed hydra
 12497 | Lair:2   | Noticed a four-headed hydra
 12502 | Lair:2   | Killed a six-headed hydra
 12507 | Lair:2   | Killed a four-headed hydra
 14038 | Lair:3   | Found a staircase to the Snake Pit.
 14538 | Lair:4   | Noticed Rupert
 14551 | Lair:4   | HP: 2/91 [Rupert/+0 battleaxe of electrocution (6)]
 14551 | Lair:4   | Demolished by Rupert

Illustrated notes

Levels and vault maps discovered:
D:1:      lightli_arrival_windingriver, layout_rooms,
          hellmonk_ecumenical_altar_leap_of_faith, minmay_misc_feat_chi,
          ebering_dispersal_statue_hall
D:2:      layout_basic, corexii_leaking_fountain, uniq_jessica
D:3:      layout_basic, mainiacjoe_overflow_24_doors, serial_shops, shop_statue,
          hangedman_decor_push, hangedman_decor_diamond_cutter
D:4:      layout_rooms, gammafunk_temple_overflow_forgotten
D:5:      layout_cave_pools, minmay_temple_entry_junction,
          corexii_item_surrounded_by_moat
D:6:      layout_basic, nicolae_qazlal_general_emergency,
          nemelex_spade_bored_becter, uniq_pikel, uniq_maggie
D:7:      layout_basic, cheibrodos_ashenzari_chains,
          mainiacjoe_overflow_big_doors, minmay_statues_item,
          chequers_serial_rivers_micro_e, serial_park_tiny_1,
          minmay_misc_feat_encased
D:8:      layout_cave_pools, nicolae_vehumet_altar_sigil,
          mainiacjoe_overflow_six_doors_small, serial_shops,
          nicolae_shop_waterfront, uniq_maurice
D:9:      kennysheep_spiral_hall, layout_loops_ring, due_lair_maze_entry_diamond
D:10:     layout_irregular_city
Temple:   minmay_temple_curvy_loop
Lair:1:   layout_chaotic_city, grunt_megastairs_5
Lair:2:   layout_cave_pods, hangedman_lair_generics_rect
Lair:3:   layout_regular_city, minmay_snake_entry_six_corridors, st_stairs_4
Lair:4:   layout_roguey, skrybe_swamp_entry_bodies,
          nicolae_volcano_entry_batcave, gammafunk_ghost_arena,
          serial_bayou_shore_a, grunt_megastairs_2, uniq_rupert

Skill      XL: |  1  2  3  4  5  6  7  8  9 10 11 12 |
---------------+-------------------------------------+-----
Fighting       | 1 2 3 4 5 6 7 |  7.6
Short Blades   | 1 2 3 4 5 6 7 |  7.6
Long Blades    | 1 2 3 4 5 6 7 |  7.6
Axes           | 1 2 3 4 5 6 7 |  7.6
Maces & Flails | 1 2 3 4 5 6 7 |  7.6
Polearms       | 1 2 3 4 5 6 7 |  7.6
Staves         | 1 2 3 4 5 6 7 |  7.6
Slings         | 1 2 3 4 5 6 7 |  7.6
Bows           | 1 2 3 4 5 6 7 |  7.6
Crossbows      | 1 2 3 4 5 6 7 |  7.6
Throwing       | 1 2 3 4 5 6 7 |  7.6
Armour         | 1 2 3 4 5 6 7 |  7.6
Shields        | 1 2 3 4 5 6 7 |  7.6
Unarmed Combat | 1 2 3 4 5 6 7 |  7.6
Spellcasting   | 5 6 7 8 9 |  9.2
Invocations    | 1 2 3 4 5 6 7 8 |  8.3
Evocations     | 1 2 3 4 5 6 7 |  7.6
Conjurations   | 1 2 3 4 5 6 |  6.3
Hexes          | 1 2 3 4 5 6 |  6.3
Summonings     | 1 2 3 4 5 6 |  6.3
Necromancy     | 1 2 3 4 5 6 |  6.3
Translocations | 1 2 3 4 5 6 |  6.3
Transmutations | 1 2 3 4 5 6 |  6.3
Fire Magic     | 1 2 3 4 5 6 |  6.3
Air Magic      | 1 2 3 4 5 6 |  6.3
Earth Magic    | 1 2 3 4 5 6 |  6.3
Poison Magic   | 1 2 3 4 5 6 |  6.3
Dodging        | 5 6 7 8 9 |  9.0
Stealth        | 5 6 7 8 |  8.8
Ice Magic      | 8 9 |  9.6

Action                   |  1- 3 |  4- 6 |  7- 9 | 10-12 || total
-------------------------+-------+-------+-------+-------++-------
Melee: Dagger            |     5 |       |       |       ||     5
       Trident           |    44 |    55 |       |     5 ||   104
       Punch             |     2 |     3 |     2 |    12 ||    19
       Club              |     1 |       |       |       ||     1
       Bite              |     3 |     7 |    14 |    23 ||    47
       Flail             |       |    18 |       |       ||    18
       War axe           |       |    24 |    63 |       ||    87
       Falchion          |       |       |    48 |   145 ||   193
       Great sword       |       |       |       |    13 ||    13
 Fire: Hunting sling     |       |    29 |    10 |       ||    39
       Shortbow          |       |       |    29 |       ||    29
       Hand crossbow     |       |       |    29 |    27 ||    56
       Arbalest          |       |       |       |    78 ||    78
Throw: Stone             |     2 |     1 |       |       ||     3
       Dart              |       |       |     3 |     3 ||     6
       Javelin           |       |       |     1 |       ||     1
       Boomerang         |       |       |       |     4 ||     4
 Cast: Freeze            |    11 |     6 |     1 |     1 ||    19
       Frozen Ramparts   |     1 |    14 |    22 |    39 ||    76
       Mephitic Cloud    |       |     3 |     2 |     3 ||     8
       Magic Dart        |       |     1 |    21 |    11 ||    33
Invok: Call Merchant     |       |       |       |     1 ||     1
Evoke: Wand              |       |       |       |    15 ||    15
  Use: Scroll            |       |     3 |     8 |    16 ||    27
       Potion            |       |     2 |       |     1 ||     3
 Stab: Sleeping          |     6 |     2 |     2 |     4 ||    14
       Distracted        |       |       |     2 |       ||     2
       Confused          |       |       |       |     1 ||     1
Armor: Robe              |    11 |    39 |    48 |    93 ||   191
Dodge: Dodged            |    36 |    81 |    86 |   112 ||   315
Block: Other             |       |       |       |    26 ||    26
